 Dungeon Crawl Stone Soup version 0.25-a0-339-gb37b713d4c (webtiles) character file.

Game seed: 13361106664988052366, levelgen mode: deterministic

1920 Gargoyl the Cutter (level 8, -10/68 HPs)
             Began as a Centaur Abyssal Knight on Dec 29, 2019.
             Was an Elder of Lugonu.
             Mangled by an orc warrior
             ... wielding a +0 halberd
              (21 damage)
             ... on level 7 of the Dungeon.
             The game lasted 00:08:41 (6728 turns).

Gargoyl the Cutter (Centaur Abyssal Knight)         Turns: 6728, Time: 00:08:42

Health: -10/68     AC: 12    Str: 15    XL:     8   Next: 96%
Magic:  12/12      EV:  9    Int: 13    God:    Lugonu [****..]
Gold:   454        SH:  0    Dex: 11    Spells: 7/7 levels left

rFire    + . .     SeeInvis .   u - +2 rapier (speed)
rCold    . . .     Gourm    .   (no shield)
rNeg     . . .     Faith    .   w - +2 ring mail {rF+}
rPois    .         Spirit   .   (no helmet)
rElec    .         Reflect  .   t - +1 cloak
rCorr    .         Harm     .   k - +1 pair of gloves
MR       +....                  (no barding)
Stlth    ..........             (no amulet)
HPRegen  0.21/turn              d - +2 ring of intelligence
MPRegen  0.13/turn              y - ring of protection from magic

@: very quick
A: large, hooves 3, deformed body, speed 2, tough skin 3
a: Depart the Abyss, Bend Space, Banish, Corrupt, Renounce Religion


You were on level 7 of the Dungeon.
You worshipped Lugonu.
Lugonu was greatly pleased with you.
You were hungry.

You visited 1 branch of the dungeon, and saw 7 of its levels.
You visited the Abyss 1 time.

You collected 454 gold pieces.

Inventory:

Hand Weapons
 a - a +1 hand axe
 l - a +0 war axe
 u - a +2 rapier of speed (weapon)
Missiles
 e - 11 boomerangs (quivered)
Armour
 k - a +1 pair of gloves (worn)
 t - a +1 cloak (worn)
 w - a +2 ring mail of fire resistance (worn)
Jewellery
 d - a +2 ring of intelligence (left hand)
 y - a ring of protection from magic (right hand)
Scrolls
 f - a scroll of remove curse
 g - 2 scrolls of identify
 h - 2 scrolls of fear
 i - 2 scrolls of magic mapping
 m - 2 scrolls of immolation
 s - 3 scrolls of teleportation
Potions
 b - a potion of heal wounds
 j - 2 potions of curing
 n - a potion of ambrosia
 o - a potion of flight {unknown}
 p - 2 potions of brilliance {unknown}
 q - a potion of resistance {unknown}
 r - 2 potions of might {unknown}
Comestibles
 c - 11 rations
 v - a chunk of flesh


   Skills:
 + Level 5.0 Fighting
 + Level 5.4 Short Blades
 + Level 3.6 Axes
 + Level 0.1 Throwing
 * Level 4.3 Armour
 * Level 3.0 Dodging
 * Level 5.3 Invocations


You had 7 spell levels left.
You didn't know any spells.
Your spell library was empty.

Dungeon Overview and Level Annotations

Branches:
Dungeon (7/15)             Temple (0/1) D:4

Altars:
Ashenzari
Makhleb
Ru
Vehumet
Zin

Shops:
D:7 :


Innate Abilities, Weirdness & Mutations

You have hooves in place of feet.
Armour fits poorly on your strangely shaped body.
You cover ground very quickly.
You have extremely tough skin. (AC +3)


Message History

You hit the orc warrior. Your kick misses the orc warrior.
The orc warrior is moderately wounded.
The orc warrior barely misses you.
You hit the orc warrior.
The orc warrior is moderately wounded.
You hit the orc warrior.
You kick the orc warrior, but do no damage.
The orc warrior is heavily wounded.
The orc warrior hits you with a +0 halberd!
You barely miss the orc warrior.
The orc warrior is heavily wounded.
You hit the orc warrior. You kick the orc warrior.
The orc warrior is severely wounded.
The orc warrior hits you with a +0 halberd!
* * * LOW HITPOINT WARNING * * *
You hit the orc warrior but do no damage.
Your kick misses the orc warrior.
The orc warrior is severely wounded.
The orc warrior hits you from afar with a +0 halberd!!
You die...

#.#
#.#######.##########
#.# #.# #.# #.# #.#
#.# #.# #.# #.. #.#
#.# ### #.# #.####
#.# ##..... #.#
##...##
#)####(...@###
#<)...(..(...#
##.###.....#o# #.#
##...##.# #.#
##.###.# #.# #.# #.#
#.# #.# #.# #.# #..
... #.# #.# #.#


You could see an orc warrior.

Vanquished Creatures
  Pikel (D:6)
  A slave (D:6)
  A black bear (D:7)
  An orc warrior (D:6)
  A sky beast (D:7)
  2 phantoms
  An ogre (D:6)
  A centaur (D:5)
  A bullfrog (D:7)
  2 howler monkeys (D:6)
  2 crimson imps
  A hound (D:7)
  3 orc priests
  A gnoll shaman (D:5)
  3 jellies (D:6)
  An iron imp (Abyss:1)
  2 bullfrog skeletons
  An orc wizard (D:7)
  3 worker ants
  5 gnolls (D:5)
  4 adders
  2 shadow imps
  3 worms
  An adder skeleton (D:4)
  12 dart slugs
  4 leopard geckos
  13 orcs
  A ball python (D:6)
  9 bats
  5 giant cockroaches
  5 goblins
  10 hobgoblins
  11 jackals
  7 kobolds
  2 quokkas
  3 frilled lizards (D:1)
  A jackal skeleton (D:7)
  2 rats
129 creatures vanquished.

Vanquished Creatures (others)
  4 toadstools (D:1)
4 creatures vanquished.

Grand Total: 133 creatures vanquished

Notes
Turn   | Place    | Note
-------+----------+-------------------------------------------
     0 | Abyss:1  | Gargoyl the Centaur Abyssal Knight began the quest for the
                  | Orb.
     0 | Abyss:1  | Reached XP level 1. HP: 19/19 MP: 2/2
     1 | Abyss:1  | Found a corrupted altar of Lugonu.
   139 | Abyss:1  | Noticed a thrashing horror
   142 | Abyss:1  | Noticed an iron imp
   153 | Abyss:1  | Killed an iron imp
   153 | Abyss:1  | Reached XP level 2. HP: 12/26 MP: 3/3
   154 | D:1      | Escaped the Abyss
   163 | D:1      | Reached XP level 3. HP: 7/31 MP: 2/4
   214 | D:1      | Reached * piety under Lugonu
  1483 | D:2      | Reached skill level 1 in Dodging
  1483 | D:2      | Reached XP level 4. HP: 40/40 MP: 5/5
  1605 | D:2      | Reached ** piety under Lugonu
  2636 | D:3      | Reached XP level 5. HP: 46/46 MP: 6/6
  2870 | D:3      | Reached *** piety under Lugonu
  3010 | D:4      | Found a staircase to the Ecumenical Temple.
  3072 | D:4      | Got a steaming dagger
  3073 | D:4      | Identified the cursed +0 dagger of Rickax {antimagic, +Inv
                  | Dex+4} (You found it on level 4 of the Dungeon)
  3088 | D:4      | Found a sacrificial altar of Ru.
  3104 | D:4      | Found a radiant altar of Vehumet.
  3763 | D:4      | Found a burning altar of Makhleb.
  4127 | D:5      | Entered Level 5 of the Dungeon
  4154 | D:5      | Noticed a centaur
  4163 | D:5      | Killed a centaur
  4163 | D:5      | Reached XP level 6. HP: 52/52 MP: 8/8
  4701 | D:5      | Found a glowing silver altar of Zin.
  4790 | D:5      | Found a shattered altar of Ashenzari.
  4840 | D:5      | Reached skill level 1 in Short Blades
  5042 | D:5      | Reached XP level 7. HP: 59/59 MP: 9/9
  5424 | D:7      | Found Juzagasu's Book Emporium.
  5654 | D:6      | Found a sacrificial altar of Ru.
  5704 | D:6      | Reached XP level 8. HP: 43/67 MP: 11/11
  5901 | D:6      | Reached **** piety under Lugonu
  6166 | D:6      | Noticed Pikel
  6243 | D:6      | Killed Pikel
  6243 | D:6      | Reached skill level 5 in Short Blades
  6243 | D:6      | Reached skill level 5 in Invocations
  6557 | D:7      | Reached skill level 5 in Fighting
  6728 | D:7      | Mangled by an orc warrior

Levels and vault maps discovered:
D:1:      ldierk_water_garden, layout_basic
D:2:      layout_loops_cross, hangedman_abyss_or_decor_lesser_grid
D:3:      kennysheep_slugbush, layout_basic
D:4:      layout_basic, makhleb_grotto_becter, grunt_temple_overflow_open,
          minmay_temple_entry_sparse_star
D:5:      layout_rooms, evilmike_ruin_ashenzari, zin_treasury, first_ration
D:6:      layout_basic, nicolae_ru_awakened_eye, uniq_pikel
D:7:      layout_loops_ring, serial_shops, shop

Skill      XL: |  1  2  3  4  5  6  7  8 |
---------------+-------------------------+-----
Axes           | 2 3 |  3.6
Dodging        | 1 2 3 |  3.0
Armour         | 2 3 4 |  4.3
Fighting       | 4 5 |  5.0
Invocations    | 3 4 5 |  5.3
Short Blades   | 1 3 5 |  5.4
Throwing       | |  0.1

Action                   |  1- 3 |  4- 6 |  7- 9 || total
-------------------------+-------+-------+-------++-------
Melee: Hand axe          |    75 |   147 |       ||   222
       Kick              |    13 |    52 |    46 ||   111
       Rapier            |       |    89 |   234 ||   323
Throw: Boomerang         |       |       |     3 ||     3
Invok: Depart the Abyss  |     1 |       |       ||     1
       Bend Space        |       |     3 |       ||     3
  Use: Potion            |     1 |       |     1 ||     2
       Scroll            |     4 |     9 |     2 ||    15
  Eat: Chunk             |     1 |     5 |     5 ||    11
       Ration            |       |     1 |       ||     1
Armor: Skin              |    20 |       |    13 ||    33
       Leather armour    |     7 |       |       ||     7
       Scale mail        |    39 |   114 |       ||   153
       Ring mail         |       |    30 |    62 ||    92
Dodge: Dodged            |    36 |    77 |    48 ||   161

Table legend:
 A = Non-vault XP
 B = Vault XP
 C = Vault XP percentage of total XP
 D = Non-vault monster count
 E = Vault monster count
 F = Vault count percentage of total count
                 A         B        C        D         E       F
            +---------+---------+-------+---------+---------+-------
      Total |    1993 |     751 |  27.4 |     116 |      12 |   9.4
            +---------+---------+-------+---------+---------+-------
        D:1 |      32 |       0 |   0.0 |      19 |       0 |   0.0
        D:2 |      48 |       0 |   0.0 |      19 |       0 |   0.0
        D:3 |      69 |      40 |  36.7 |      23 |      10 |  30.3
        D:4 |      26 |      48 |  64.9 |       5 |       1 |  16.7
        D:5 |     479 |       0 |   0.0 |      17 |       0 |   0.0
        D:6 |     793 |     663 |  45.5 |      22 |       1 |   4.3
        D:7 |     507 |       0 |   0.0 |      10 |       0 |   0.0
    Abyss:1 |      39 |       0 |   0.0 |       1 |       0 |   0.0
            +---------+---------+-------+---------+---------+-------
